 Dungeon Crawl Stone Soup version 0.18.1-8-gdd0e5ea (webtiles) character file.

539 TomWoods the Basher (level 7, -5/57 HPs)
             Began as a Minotaur Berserker on June 5, 2016.
             Was an Elder of Trog.
             Killed by nerve-wracking pain
             ... invoked by an orc priest
              (11 damage)
             ... on level 4 of the Dungeon.
             The game lasted 00:10:47 (2987 turns).

TomWoods the Basher (Minotaur Berserker)            Turns: 2987, Time: 00:10:47

Health: -5/57      AC:  6    Str: 24    XL:     7   Next: 5%
Magic:  6/6        EV: 10    Int:  4    God:    Trog [****..]
Gold:   193        SH:  8    Dex:  9    Spells: 0 memorised, 6 levels left

rFire  x . .     SeeInvis .     a - +2 mace
rCold  + + .     Gourm    .     i - +1 ring mail
rNeg   . . .     Faith    .     h - +1 buckler
rPois  .         Spirit   .     (helmet restricted)
rElec  .         Dismiss  .     (no cloak)
rCorr  .         Reflect  +     (no gloves)
SustAt .         Harm     .     (no boots)
MR     .....                    l - +5 amulet of reflection
Stlth  ..........               o - ring of protection from cold
                                n - ring of ice

@: not resistant to hostile enchantments, extremely unstealthy
A: retaliatory headbutt, horns 2
a: Berserk, Trog's Hand, Brothers in Arms, Burn Spellbooks, Renounce Religion


You were on level 4 of the Dungeon.
You worshipped Trog.
Trog was greatly pleased with you.
You were very hungry.

You visited 1 branch of the dungeon, and saw 4 of its levels.

You collected 193 gold pieces.

Inventory:

Hand Weapons
 a - a +2 mace (weapon)
 r - a +0 morningstar
Armour
 h - a +1 buckler (worn)
 i - a +1 ring mail (worn)
Jewellery
 l - a +5 amulet of reflection (around neck)
 n - a ring of ice (left hand)
 o - a ring of protection from cold (right hand)
 p - an uncursed ring of magical power {unknown}
Scrolls
 b - 2 scrolls of identify
 e - a scroll of random uselessness
 q - a scroll of magic mapping {unknown}
Potions
 c - a potion of magic {unknown}
 d - a potion of heal wounds {unknown}
 f - 3 potions of degeneration
 g - a potion of might {unknown}
 j - a potion of lignification {unknown}
 k - a potion of mutation {unknown}
 s - a potion of curing {unknown}
Comestibles
 m - 3 bread rations
 t - 2 meat rations


   Skills:
 - Level 3.6 Fighting
 + Level 9.6 Maces & Flails
 - Level 2.4 Armour
 - Level 2.1 Dodging


You had 6 spell levels left.
You didn't know any spells.

Dungeon Overview and Level Annotations

Branches:
Dungeon (4/15)
 Temple: D:4-7

Altars:
Elyvilon
Makhleb
Nemelex Xobeh
Ru
Sif Muna
Vehumet
Xom
Yredelemnul

Shops:
D:4 (


Innate Abilities, Weirdness & Mutations

You reflexively headbutt those who attack you in melee.
You have a pair of horns on your head.


Message History

The hound is heavily wounded.
The hound bites you but does no damage. You block the hound's attack.
You barely miss the hound.
You headbutt the hound, but do no damage.
The hound is heavily wounded.
The orc priest invokes the aid of Beogh against you.
Beogh smites you!
* * * LOW HITPOINT WARNING * * *
The hound bites you but does no damage.
You sock the hound!
You kill the hound!
Trog accepts your kill.
You have reached level 7!
Something hits you but does no damage.
You hit the orc priest but do no damage.
Something hits you.
* * * LOW HITPOINT WARNING * * *
The orc priest invokes the aid of Beogh against you.
Pain shoots through your body!
You die...

#.....#.##
##....#.#
#..#.#.#
#..##..#
#..##..## #..
#...######## #.
#..........#
#...#.#.#..#
#...{@...$.#
......#o#.#..#
........l.....#
.......#.#.#!.#
................
..........#####.
.........#
..)......#


You could see an orc priest and a giant newt.

Vanquished Creatures
  An ogre (D:4)
  4 hounds (D:4)
  An orc wizard (D:3)
  4 worker ants (D:4)
  A hound skeleton (D:4)
  Robin (D:2)
  7 adders
  2 oozes
  3 worms
  3 dart slugs
  3 giant geckos
  2 orcs
  5 bats
  5 giant cockroaches
  19 goblins
  12 hobgoblins
  6 jackals
  A ball python (D:2)
  9 giant newts
  2 jackal skeletons (D:4)
  12 kobolds
  13 rats
116 creatures vanquished.

Notes
Turn   | Place    | Note
--------------------------------------------------------------
     0 | D:1      | TomWoods the Minotaur Berserker began the quest for the Orb.
     0 | D:1      | Reached XP level 1. HP: 19/19 MP: 0/0
    26 | D:1      | Reached skill level 4 in Maces & Flails
    33 | D:1      | Reached XP level 2. HP: 15/26 MP: 1/1
   387 | D:1      | Reached skill level 5 in Maces & Flails
   439 | D:1      | Reached XP level 3. HP: 31/31 MP: 2/2
   440 | D:1      | Reached ** piety under Trog
   949 | D:2      | Found a sparkling altar of Nemelex Xobeh.
  1022 | D:2      | Reached XP level 4. HP: 33/39 MP: 3/3
  1033 | D:2      | Found a deep blue altar of Sif Muna.
  1086 | D:2      | Noticed Robin
  1093 | D:2      | Reached skill level 6 in Maces & Flails
  1119 | D:2      | Killed Robin
  1375 | D:2      | Found a faded altar to an unknown god.
  1381 | D:2      | Found a radiant altar of Vehumet.
  1439 | D:2      | Reached *** piety under Trog
  1621 | D:2      | Found a basalt altar of Yredelemnul.
  1624 | D:2      | Found a white marble altar of Elyvilon.
  1638 | D:2      | Found a burning altar of Makhleb.
  1646 | D:2      | Found a shimmering altar of Xom.
  1775 | D:3      | Reached XP level 5. HP: 38/45 MP: 4/4
  1798 | D:3      | Reached skill level 7 in Maces & Flails
  2229 | D:3      | Found a sacrificial altar of Ru.
  2374 | D:4      | Found Nimuzoq's Antique Weapon Boutique.
  2441 | D:4      | Reached **** piety under Trog
  2452 | D:4      | Reached skill level 8 in Maces & Flails
  2464 | D:4      | Found a white marble altar of Elyvilon.
  2495 | D:4      | Reached XP level 6. HP: 48/51 MP: 5/5
  2859 | D:4      | Reached skill level 9 in Maces & Flails
  2986 | D:4      | Reached XP level 7. HP: 9/57 MP: 6/6
  2987 | D:4      | Killed from afar by an orc priest

Skill      XL: |  1  2  3  4  5  6 |
---------------+-------------------+-----
Maces & Flails | 4 5 6 8 9 |  9.6
Fighting       | |  3.6
Armour         | |  2.4
Dodging        | |  2.1

Action                   |  1- 3 |  4- 6 |  7- 9 || total
-------------------------+-------+-------+-------++-------
Melee: Mace              |    73 |   177 |     1 ||   251
       Headbutt          |    12 |    37 |       ||    49
Invok: Berserk           |       |     1 |       ||     1
  Use: Scroll            |     6 |     5 |       ||    11
  Eat: Chunk             |       |     2 |       ||     2
       Bread ration      |       |     1 |       ||     1
Armor: Ring mail         |    18 |    54 |     1 ||    73
       Animal skin       |     1 |       |       ||     1
Dodge: Dodged            |    41 |    87 |       ||   128
Block: Other             |     2 |    10 |       ||    12
       Buckler           |       |    48 |       ||    48
       Reflection        |       |     1 |       ||     1
